 Dungeon Crawl Stone Soup version 0.27-a0-1281-ge233d83751 (webtiles) character file.

Game seed: 7398484243314673261

306 deletemesenpai the Chopper (level 6, -20/52 HPs)
             Began as a Hill Orc Fighter on June 14, 2021.
             Was an Initiate of Beogh.
             Demolished by an ogre (31 damage)
             ... on level 4 of the Dungeon.
             The game lasted 00:10:47 (4521 turns).

deletemesenpai the Chopper (Hill Orc Fighter)       Turns: 4521, Time: 00:10:48

Health: -20/52     AC:  8    Str: 19    XL:     6   Next: 39%
Magic:  6/6        EV:  7    Int:  8    God:    Beogh [......]
Gold:   173        SH:  9    Dex: 12    Spells: 5/5 levels left

rFire    + . .     SeeInvis .   r - staff of cold
rCold    + + .     Faith    .   c - +0 kite shield
rNeg     . . .     Spirit   .   b - +0 scale mail
rPois    +         Reflect  .   (no helmet)
rElec    +         Harm     .   p - +0 cloak
rCorr    +         Rampage  .   (no gloves)
Will     .....                  (no boots)
Stlth    ..........             (no amulet)
HPRegen  0.17/turn              (no ring)
MPRegen  0.10/turn              (no ring)

@: resistant
A: no striking features
a: Renounce Religion


You were on level 4 of the Dungeon.
You worshipped Beogh.
Beogh was noncommittal.
You visited 1 branch of the dungeon, and saw 4 of its levels.

You collected 173 gold pieces.

Inventory:

Hand Weapons
 a - a +0 war axe
 d - a +2 quarterstaff of chaos
 t - a +0 war axe
Missiles
 u - 16 poisoned darts (quivered)
Armour
 b - a +0 scale mail (worn)
 c - a +0 kite shield (worn)
 p - a +0 cloak (worn)
Magical Staves
 r - a staff of cold (weapon)
Jewellery
 n - an amulet of guardian spirit
 s - a ring of fire
Scrolls
 f - 2 scrolls of magic mapping {unknown}
 g - a scroll of vulnerability {unknown}
 i - a scroll of enchant armour {unknown}
 j - 2 scrolls of teleportation {unknown}
 k - 2 scrolls of amnesia {unknown}
 m - a scroll of identify {unknown}
 o - 2 scrolls of fog {unknown}
 w - a scroll of immolation {unknown}
Potions
 e - a potion of ambrosia {unknown}
 h - a potion of mutation {unknown}
 l - 3 potions of resistance
 q - 2 potions of curing {unknown}
 v - a potion of brilliance {unknown}


   Skills:
 + Level 4.3 Fighting
 + Level 5.2(6.0) Axes
 * Level 2.2(3.5) Maces & Flails
 * Level 2.4(3.7) Polearms
 + Level 4.3 Armour
 + Level 4.0 Shields
 + Level 0.1 Evocations


You had 5 spell levels left.
You didn't know any spells.
Your spell library contained the following spells:

 Spells                   Type           Power      Damage    Failure   Level
 Animate Skeleton         Necr           0%         N/A       99%         1
 Apportation              Tloc           0%         N/A       99%         1
 Corona                   Hex            0%         N/A       99%         1
 Summon Small Mammal      Summ           0%         N/A       99%         1


Dungeon Overview and Level Annotations

Branches:
Dungeon (4/15)
 Temple: D:4-7

Altars:


Message History

Beogh accepts your kill.
l - 4 viscous amethyst potions (gained 1)
Okay, then.
Found a stone staircase leading down.
n - an amulet of guardian spirit
There are no items here.
Found 21 stones.
Found a robe.
An ogre comes into view. It is wielding a +0 giant spiked club.
The ogre shouts!
You aren't carrying any items that you can evoke.
r - a staff of cold (weapon)
Hit: r) staff of cold
Press: ? - help, Dir - move target Your weapon can't reach that far!
Okay, then.
You hit the ogre.
The ogre is lightly wounded.
The ogre hits you with a +0 giant spiked club.
You barely miss the ogre.
The ogre is lightly wounded.
The ogre hits you with a +0 giant spiked club!
You hit the ogre.
The ogre is lightly wounded.
The ogre barely misses you.
You hit the ogre but do no damage.
The ogre is lightly wounded.
You block the ogre's attack.
Your shield and scale mail prevent you from hitting the ogre.
The ogre is lightly wounded.
You block the ogre's attack.
You hit the ogre.
The ogre is moderately wounded.
The ogre hits you with a +0 giant spiked club!!
* * * LOW HITPOINT WARNING * * *
It was a potion of resistance.
You feel protected.
The ogre hits you with a +0 giant spiked club!!
Ouch! That really hurt!
You die...

#.................
##.................
#.................
#....#.>........#
##..##.........#
#..###.......#
##..# #.......#
#...# #....O.#.#
#...# ##...@.#
##...## ##...(#
#.....## #.....#
#......# ##....#
#......## #...[.#
#.......# ##.....#
#.......# ##.....
#.......## .#####
#........#


You could see an ogre.

Vanquished Creatures
  A lemure (D:3)
  Crazy Yiuf (D:2)
  Terence (D:3)
  2 gnolls
  7 adders
  A river rat (D:4)
  3 worms
  2 dart slugs
  An orc (D:3)
  5 bats
  4 endoplasms
  2 giant cockroaches
  6 goblins
  12 hobgoblins
  8 jackals
  4 quokkas
  5 ball pythons
  4 frilled lizards
  3 kobolds
  6 rats
78 creatures vanquished.

Vanquished Creatures (others)
  An orc (D:3)
1 creature vanquished.

Grand Total: 79 creatures vanquished

Notes
Turn   | Place    | Note
-------+----------+-------------------------------------------
     0 | D:1      | deletemesenpai the Hill Orc Fighter began the quest for the
                  | Orb.
     0 | D:1      | Reached XP level 1. HP: 19/19 MP: 1/1
   443 | D:1      | Reached XP level 2. HP: 26/27 MP: 2/2
   554 | D:1      | Reached skill level 3 in Axes
   581 | D:1      | Reached XP level 3. HP: 32/33 MP: 3/3
  1007 | D:1      | Found a faded altar of an unknown god.
  1358 | D:2      | Reached skill level 1 in Maces & Flails
  1415 | D:2      | Reached skill level 1 in Polearms
  1514 | D:2      | Reached XP level 4. HP: 40/40 MP: 4/4
  2287 | D:2      | Found a runed translucent door.
  2288 | D:2      | Noticed Crazy Yiuf
  2378 | D:2      | Reached skill level 4 in Axes
  3109 | D:2      | Killed Crazy Yiuf
  3110 | D:2      | Reached XP level 5. HP: 43/46 MP: 5/5
  3186 | D:3      | Noticed Terence
  3193 | D:3      | Killed Terence
  3355 | D:3      | Noticed Grinder
  3356 | D:3      | Paralysed by Grinder for 7 turns
  3370 | D:3      | Noticed Grinder
  3370 | D:3      | Grinder changed into Grinder the lemure
  3382 | D:3      | Killed Grinder the lemure
  3383 | D:3      | Reached XP level 6. HP: 48/52 MP: 6/6
  3420 | D:3      | Noticed Sigmund
  3421 | D:3      | Noticed Sigmund
  3421 | D:3      | Sigmund changed into Sigmund the gnoll
  3430 | D:3      | Killed Sigmund the gnoll
  3431 | D:3      | Reached skill level 5 in Axes
  3726 | D:3      | Became a worshipper of Beogh the Brigand
  4295 | D:4      | Noticed a water moccasin
  4297 | D:4      | a water moccasin changed into a river rat
  4521 | D:4      | Demolished by an ogre

Illustrated notes

Levels and vault maps discovered:
D:1:      minmay_arrival_diagonal_passages, layout_basic, serial_rivers,
          chequers_serial_rivers_room_b, chequers_serial_rivers_small_3,
          chequers_serial_rivers_micro_c, chequers_serial_rivers_large_b,
          hellmonk_ecumenical_altar_arch_garden
D:2:      minmay_door_path, layout_basic, uniq_crazy_yiuf_cottage
D:3:      layout_loops_ring, dk_vineyard_1, hangedman_decor_riveting,
          kennysheep_generic_room_12, uniq_terence, uniq_grinder, uniq_sigmund
D:4:      layout_cave_pods, minmay_temple_entry_steel_oval, serial_rivers,
          chequers_serial_rivers_micro_a, chequers_serial_rivers_small_3,
          chequers_serial_rivers_micro_c, chequers_serial_rivers_room_a,
          minmay_starry_boxes, uniq_duvessa, uniq_edmund

Skill      XL: |  1  2  3  4  5  6 |
---------------+-------------------+-----
Axes           | 3 4 5 |  5.2
Maces & Flails | 1 2 |  2.2
Polearms       | 1 2 |  2.4
Fighting       | 4 |  4.3
Armour         | 4 |  4.3
Shields        | 4 |  4.0
Evocations     | |  0.1

Action                   |  1- 3 |  4- 6 || total
-------------------------+-------+-------++-------
Melee: War axe           |    88 |   165 ||   253
       Unarmed           |       |     4 ||     4
       Staff             |       |     6 ||     6
Invok: Convert to Beogh  |       |     1 ||     1
Evoke: Wand              |       |     4 ||     4
  Use: Potion            |       |     2 ||     2
Armor: Scale mail        |    49 |    69 ||   118
       Skin              |       |     1 ||     1
Dodge: Dodged            |    32 |    69 ||   101
Block: Kite shield       |    46 |    81 ||   127

Table legend: (Time is in decaauts)
 A = Elapsed time spent in this place.
 B = Non-inter-level travel time spent in this place.
 C = Inter-level travel time spent in this place.
 D = Time resting spent in this place.
 E = Time spent auto-exploring this place.
 F = Levels seen in this place.
 G = Mean time per level.
                   A        B        C        D        E       F      G
               +--------+--------+--------+--------+--------+-----+--------+
         Total |   4675 |   4573 |    102 |    817 |   2751 |   4 | 1168.8 |
       Dungeon |   4675 |   4573 |    102 |    817 |   2751 |   4 | 1168.8 |
               +--------+--------+--------+--------+--------+-----+--------+

Top non-repeatable levels by time:
     D:2: 1921 daAuts
     D:1: 1376 daAuts
     D:3: 819 daAuts
     D:4: 557 daAuts
